 Dungeon Crawl Stone Soup version 0.23-a0-375-g66a18ee (webtiles) character file.

534 tilp the Skirmisher (level 7, -3/87 HPs)
             Began as a Merfolk Ice Elementalist on Oct 26, 2018.
             Was an Initiate of Makhleb.
             Slain by an orc
             ... wielding a +0 hand axe
              (6 damage)
             ... on level 4 of the Dungeon.
             The game lasted 00:15:45 (4736 turns).

tilp the Skirmisher (Merfolk Ice Elementalist)      Turns: 4736, Time: 00:15:46

Health: -3/87      AC:  7    Str: 13    XL:     7   Next: 25%
Magic:  8/10       EV: 13    Int: 17    God:    Makhleb [......]
Gold:   183        SH:  0    Dex: 14    Spells: 4/10 levels left

rFire    . . .     SeeInvis .   o - +0 mace (protect)
rCold    . . .     Gourm    .   (no shield)
rNeg     . . .     Faith    .   a - +0 robe
rPois    .         Spirit   .   A - +0 helmet
rElec    .         Reflect  .   d - +2 cloak
rCorr    .         Harm     .   n - +0 pair of gloves
MR       .....                  (no boots)
Stlth    ..........             (no amulet)
HPRegen  0.24/turn              (no ring)
MPRegen  0.12/turn              (no ring)

@: berserking, very quick
A: change form in water, swift swim, stealthy swim
a: Renounce Religion


You were on level 4 of the Dungeon.
You worshipped Makhleb.
Makhleb was noncommittal.
You were not hungry.

You visited 2 branches of the dungeon, and saw 5 of its levels.

You collected 183 gold pieces.

Inventory:

Hand Weapons
 j - a +0 dagger
 o - a +0 mace of protection (weapon)
 u - a +0 spear
 y - a +0 halberd
Missiles
 g - 9 tomahawks (quivered)
Armour
 a - a +0 robe (worn)
 d - a +2 cloak (worn)
 n - a +0 pair of gloves (worn)
 w - a cursed -1 robe
 A - a +0 helmet (worn)
Jewellery
 b - an uncursed amulet of faith {unknown}
 k - an uncursed ring of flight {unknown}
 m - an uncursed ring of magical power {unknown}
 p - a +2 ring of dexterity {unknown}
 r - a +4 ring of strength {unknown}
 t - an uncursed ring of poison resistance {unknown}
 v - an uncursed amulet of rage {unknown}
Wands
 s - a wand of acid (10)
Scrolls
 e - a scroll of immolation {unknown}
 f - a scroll of amnesia {unknown}
 x - a scroll of random uselessness {unknown}
Potions
 h - 2 potions of brilliance
 l - 2 potions of might
 z - a potion of heal wounds {unknown}
Comestibles
 c - 7 rations


   Skills:
 - Level 6.1 Fighting
 + Level 0.9 Polearms
 + Level 2.9 Dodging
 - Level 2.1 Stealth
 - Level 2.0 Spellcasting
 - Level 0.7 Conjurations
 - Level 6.0 Ice Magic


You had 4 spell levels left.
You knew the following spells:

 Your Spells              Type           Power        Failure   Level  Hunger
a - Freeze                Ice            ###.         1%          1    #......
b - Throw Frost           Conj/Ice       ##....       8%          2    ###....
c - Ozocubu's Armour      Chrm/Ice       ##......     17%         3    ###....

Your spell library contained the following spells:

 Spells                   Type           Power        Failure   Level  Hunger
 Throw Icicle             Conj/Ice       ##......     43%         4    #####..
 Summon Ice Beast         Ice/Summ       ##......     50%         4    #####..


Dungeon Overview and Level Annotations

Branches:
Dungeon (4/15)             Temple (1/1) D:4

Altars:
Ashenzari
Dithmenos
Fedhas
Hepliaklqana
Kikubaaqudgha
Makhleb
Okawaru
Qazlal
Ru
Sif Muna
Uskayaw
Vehumet
Xom
Zin

Shops:
D:4 :::(

Annotations:
D:3 Purgy


Message History

Aiming: Freeze (safe; 1% risk of failure)
Press: ? - help, Shift-Dir - straight line You freeze something.
Makhleb accepts your kill.
Reactivating autopickup.
You feel a bit more experienced. The orc hits you with a +0 hand axe.
* * * LOW HITPOINT WARNING * * *
Things that are here:
a +0 dagger; a +0 robe The orc priest invokes the aid of Beogh against you.
Beogh smites you!
* * * LOW HITPOINT WARNING * * *
Found 18 sling bullets.
Found 21 stones.
It was a potion of berserk rage.
A red film seems to cover your vision as you go berserk!
You feel yourself moving faster!
You feel mighty! The orc closely misses you.
You are too berserk!
You closely miss the orc. The orc hits you with a +0 hand axe.
You die...

#<# ..# #.# ...##
#.# #... #.# ...#
#.# ... #.. ## #.#
###
##.(.####.###.##.
##
##......@oo.......
#.
##.......##.###(##
#. #........ #.#
#. #....... #.# #.
#.....# #o# #.
#....####.# #.
#.#.##.##.# #.
#.......#.# #.# ##
######)##)# #.#


You could see 2 orcs.

Vanquished Creatures
  An orc warrior (D:3)
  A howler monkey (D:2)
  4 orc priests
  4 orc wizards
  3 gnolls (D:3)
  4 adders
  An ooze (D:4)
  An adder skeleton (D:4)
  2 worms (D:3)
  2 leopard geckos
  11 orcs
  3 ball pythons
  2 giant cockroaches
  8 goblins
  4 jackals (D:3)
  6 quokkas
  6 bats
  7 frilled lizards
  7 kobolds
  8 rats
85 creatures vanquished.

Vanquished Creatures (others)
  An orc wizard (D:3)
1 creature vanquished.

Grand Total: 86 creatures vanquished

Notes
Turn   | Place    | Note
-------+----------+-------------------------------------------
     0 | D:1      | tilp the Merfolk Ice Elementalist began the quest for the
                  | Orb.
     0 | D:1      | Reached XP level 1. HP: 13/13 MP: 3/3
   350 | D:1      | Reached XP level 2. HP: 16/19 MP: 1/5
   402 | D:1      | Learned a level 2 spell: Throw Frost
   555 | D:2      | Found an iron altar of Okawaru.
   650 | D:2      | Found a shadowy altar of Dithmenos.
   674 | D:2      | Found a shattered altar of Ashenzari.
   731 | D:2      | Reached XP level 3. HP: 16/24 MP: 2/6
  1053 | D:2      | Reached skill level 5 in Ice Magic
  1053 | D:2      | Reached XP level 4. HP: 27/30 MP: 0/7
  1064 | D:2      | Learned a level 3 spell: Ozocubu's Armour
  1218 | D:2      | Found a hide-covered altar of Uskayaw.
  2078 | D:3      | Noticed Purgy
  2099 | D:4      | Found Zefy's Antique Weapon Boutique.
  2160 | D:4      | Reached XP level 5. HP: 36/36 MP: 2/8
  2288 | D:4      | Found Jasobof's Book Boutique.
  2302 | D:4      | Reached skill level 1 in Fighting
  2318 | D:4      | Found Locs's Book Shop.
  3562 | D:3      | Reached XP level 6. HP: 12/48 MP: 0/9
  3951 | D:3      | Noticed an orc warrior
  3961 | D:3      | Killed an orc warrior
  3961 | D:3      | Reached skill level 5 in Fighting
  3975 | D:3      | Reached XP level 7. HP: 31/56 MP: 0/10
  4402 | D:4      | Found a staircase to the Ecumenical Temple.
  4433 | Temple   | Entered the Ecumenical Temple
  4545 | Temple   | Became a worshipper of Makhleb the Destroyer
  4592 | D:4      | Found Usoapn's Book Shop.
  4730 | D:4      | HP: 1/58 [orc priest/divine providence (13)]
  4736 | D:4      | Slain by an orc

Vault maps used:
D:1:      ncdulo_watergridlock
D:2:      lemuel_doored_altar, chequers_temple_overflow_statue_of_worship,
          ashenzari_altar_1, serial_forest, infiniplex_forest_clump_diagonal,
          infiniplex_forest_straight_3, infiniplex_forest_corner_2,
          infiniplex_forest_lined_3, infiniplex_forest_clump_tiny,
          infiniplex_forest_lined_room_2, kennysheep_minor_cross,
          chequers_serial_rivers_micro_a, minmay_heptomino_o4
D:3:      uniq_purgy
D:4:      minmay_temple_entry_butterflies, serial_shops, shop_coins, shop, shop,
          shop, shop
Temple:   jpeg_temple_alley_garden

Skill      XL: |  1  2  3  4  5  6  7 |
---------------+----------------------+-----
Ice Magic      | 4 5 6 |  6.0
Fighting       | 3 5 6 |  6.1
Polearms       | |  0.9
Dodging        | |  2.9
Stealth        | |  2.1
Spellcasting   | |  2.0
Conjurations   | |  0.7

Action                   |  1- 3 |  4- 6 |  7- 9 || total
-------------------------+-------+-------+-------++-------
Melee: Dagger            |     8 |       |       ||     8
       Mace              |    33 |   127 |    38 ||   198
Throw: Tomahawk          |       |     2 |       ||     2
 Cast: Freeze            |    26 |    50 |    11 ||    87
       Throw Frost       |       |     6 |       ||     6
       Ozocubu's Armour  |       |     8 |     3 ||    11
  Use: Scroll            |       |     7 |       ||     7
       Potion            |       |     1 |     1 ||     2
 Stab: Sleeping          |     6 |     4 |       ||    10
  Eat: Chunk             |     1 |    11 |     3 ||    15
Armor: Robe              |    24 |    61 |    16 ||   101
Dodge: Dodged            |    31 |   135 |    36 ||   202

Table legend:
 A = Non-vault XP
 B = Vault XP
 C = Vault XP percentage of total XP
 D = Non-vault monster count
 E = Vault monster count
 F = Vault count percentage of total count
                 A         B        C        D         E       F
            +---------+---------+-------+---------+---------+-------
      Total |     747 |      16 |   2.1 |      83 |       3 |   3.5
            +---------+---------+-------+---------+---------+-------
        D:1 |      14 |       0 |   0.0 |      10 |       0 |   0.0
        D:2 |      96 |      16 |  14.3 |      21 |       3 |  12.5
        D:3 |     482 |       0 |   0.0 |      35 |       0 |   0.0
        D:4 |     155 |       0 |   0.0 |      17 |       0 |   0.0
            +---------+---------+-------+---------+---------+-------
